 Dungeon Crawl Stone Soup version 0.20.1-1-g8b1a95d (webtiles) character file.

252 niquify the Sneak (level 5, 0/26 HPs)
             Began as a Spriggan Assassin on Oct 13, 2017.
             Was an Initiate of Okawaru.
             Slain by a jelly (2 damage)
             ... on level 5 of the Dungeon.
             The game lasted 00:13:56 (3633 turns).

niquify the Sneak (Spriggan Assassin)               Turns: 3633, Time: 00:13:57

Health: 0/26       AC: -7    Str:  7    XL:     5   Next: 89%
Magic:  6/6        EV: 19    Int: 13    God:    Okawaru [......]
Gold:   222        SH:  0    Dex: 18    Spells: 4/4 levels left

rFire    . . .     SeeInvis +   r - +2 spear (pierce)
rCold    . . .     Gourm    .   (shield restricted)
rNeg     + . .     Faith    .   c - +0 robe
rPois    .         Spirit   .   (helmet restricted)
rElec    .         Reflect  .   t - +2 cloak
rCorr    .         Harm     .   (gloves unavailable)
MR       .....                  (boots unavailable)
Stlth    ++++......             C - amulet of magic regeneration
Regen    0.1/turn               w - ring of positive energy
MPRegen  0.2/turn               (no ring)

@: corroded, very quick
A: unfitting armour, see invisible, herbivore 3, speed 3, slow metabolism 2
a: Renounce Religion


You were on level 5 of the Dungeon.
You worshipped Okawaru.
Okawaru was noncommittal.
You were not hungry.

You visited 2 branches of the dungeon, and saw 6 of its levels.

You collected 222 gold pieces.

Inventory:

Hand Weapons
 a - a +2 dagger
 b - a +0 blowgun
 r - a +2 spear of piercing (weapon)
Missiles
 h - 8 javelins
Armour
 c - a +0 robe (worn)
 d - a +0 cloak
 t - a +2 cloak (worn)
 u - a +1 pair of gloves
Jewellery
 w - a ring of positive energy (left hand)
 C - an amulet of magic regeneration (around neck)
Wands
 A - a wand of iceblast (4/15)
Scrolls
 j - a scroll of fear {unknown}
 k - a scroll of amnesia
 l - a scroll of identify
 m - 6 scrolls of remove curse
 o - 2 scrolls of teleportation {unknown}
 p - a scroll of recharging
 v - a scroll of random uselessness {unknown}
 x - a scroll of noise {unknown}
 y - a scroll of enchant armour {unknown}
Potions
 i - a potion of might
 n - a potion of invisibility {unknown}
 z - a potion of lignification {unknown}
 B - a potion of brilliance {unknown}
Comestibles
 g - 3 bread rations
 q - 3 royal jellies
 s - 4 fruits


   Skills:
 + Level 1.7 Fighting
 * Level 2.9 Short Blades
 + Level 0.2 Polearms
 * Level 4.2 Throwing
 * Level 3.2 Dodging
 * Level 7.9 Stealth


You had 4 spell levels left.
You didn't know any spells.

Dungeon Overview and Level Annotations

Branches:
Dungeon (5/15)             Temple (1/1) D:4

Altars:
Cheibriados
Dithmenos
Fedhas
Hepliaklqana
Kikubaaqudgha
Makhleb
Nemelex Xobeh
Okawaru
Qazlal
Ru
Sif Muna
Uskayaw
Vehumet
Xom
Yredelemnul
Zin
The Shining One


Innate Abilities, Weirdness & Mutations

You are very small and have problems with some larger weapons.
You are too small for most types of armour.
You have supernaturally acute eyesight. (SInv)
You are a herbivore.
You cover ground extremely quickly.
You need consume almost no food.


Message History

Okay, then.
Wield which item (- for none, * to show all)? (? for menu, Esc to quit)
b - a +0 blowgun (weapon)
The orc wizard shouts!
The orc moves out of view.
Firing (i - inventory):
e - a poisoned needle (quivered)
Press: ? - help, Shift-Dir - straight line, f/p - jelly
Aim: a jelly (severely wounded)
You shoot a poisoned needle. The poisoned needle hits the jelly!
The jelly is poisoned.
The jelly is severely wounded.
The orc shouts! x2
Wield which item (- for none, * to show all)? (? for menu, Esc to quit)
r - a +2 spear of piercing (weapon)
The jelly closely misses you.
You hit the jelly but do no damage.
Your hands burn!
* * * LOW HITPOINT WARNING * * *
The jelly is almost dead.
The jelly hits you.
You die...

..... #.....#
...#....
..............
(............
............
#.........##
#.....#...@#
#....o..##J#
#....(...(.#
##.##..####
#.##((#
#..o.(#
#####.###
#######...#
####.......#.#


You could see a jelly and an orc.

Vanquished Creatures
  An ogre (D:4)
  A howler monkey (D:4)
  A worker ant (D:4)
  A hound skeleton (D:4)
  3 adders
  An ooze (D:1)
  A worm (D:4)
  2 dart slugs (D:1)
  2 orcs
  9 bats
  5 giant cockroaches
  4 goblins
  5 hobgoblins
  2 kobolds
  3 frilled lizards
  6 rats
47 creatures vanquished.

Notes
Turn   | Place    | Note
-------+----------+-------------------------------------------
     0 | D:1      | niquify the Spriggan Assassin began the quest for the Orb.
     0 | D:1      | Reached XP level 1. HP: 10/10 MP: 2/2
    13 | D:1      | Reached skill level 6 in Stealth
   289 | D:1      | Reached XP level 2. HP: 14/14 MP: 3/3
   685 | D:1      | Reached XP level 3. HP: 18/18 MP: 4/4
   868 | D:1      | You fall through a shaft!
  1306 | D:2      | Reached skill level 7 in Stealth
  1586 | D:2      | Found a stormy altar of Qazlal.
  2636 | D:4      | Reached XP level 4. HP: 22/22 MP: 5/5
  2689 | D:4      | Noticed an ogre
  2720 | D:4      | Killed an ogre
  2720 | D:4      | Reached XP level 5. HP: 26/26 MP: 6/6
  2908 | D:4      | Found a staircase to the Ecumenical Temple.
  2955 | Temple   | Entered the Ecumenical Temple
  3128 | Temple   | Became a worshipper of Warmaster Okawaru
  3574 | D:5      | Entered Level 5 of the Dungeon
  3633 | D:5      | Slain by a jelly

Skill      XL: |  1  2  3  4  5 |
---------------+----------------+-----
Stealth        | 6 7 |  7.9
Dodging        | 2 3 |  3.2
Throwing       | 3 4 |  4.2
Fighting       | |  1.7
Short Blades   | |  2.9
Polearms       | |  0.2

Action                   |  1- 3 |  4- 6 || total
-------------------------+-------+-------++-------
Melee: Dagger            |    78 |       ||    78
       Spear             |    13 |    23 ||    36
 Fire: Blowgun           |    34 |    29 ||    63
  Use: Scroll            |     4 |       ||     4
 Stab: Sleeping          |    11 |       ||    11
Armor: Robe              |    17 |     1 ||    18
Dodge: Dodged            |    81 |    19 ||   100
